Map: Mundo de durmientes EE

Players

MaSa

  • Race: Terran Terran
  • Spawn Location: 1:00

PartinG - Winner!

  • Race: Protoss Protoss
  • League: Grandmaster
  • Spawn Location: 7:00

VOD

Have the link to the VOD?

Description

Time

  • Played on: Jan. 7, 2020, 7:30 p.m.
  • Length: 10:27
Show
View Real Time Build Order
Export as new Build Order

MaSa Terran 

Build Orders: Reaper Expand 

Get SALT Encoding   

  12  0:00  SCV  
  13  0:13  SCV  
  14  0:17  Supply Depot  
  14  0:25  SCV  
  15  0:38  SCV  
  15  0:40  Barracks  
  16  0:44  Refinery  
  16  0:50  SCV  
  17  1:02  SCV  
  18  1:15  SCV  
  19  1:27  Orbital Command, Reaper  
  20  1:39  Command Center  
  20  1:53  Bunker  
  20  1:55  SCV  
  20  1:59  Supply Depot  
  21  2:01  Barracks Reactor  
  21  2:07  SCV  
  22  2:15  Refinery  
  22  2:19  SCV  
  23  2:24  Factory  
  23  2:31  SCV  
  24  2:37  Marine x2  
  24  2:43  SCV  
  27  2:51  Orbital Command  
  27  2:55  Marine x2  
  27  2:56  SCV  
  30  3:08  SCV  
  30  3:11  Starport, Widow Mine  
  33  3:13  Marine x2  
  33  3:18  SCV  
  36  3:24  SCV  
  37  3:28  Supply Depot  
  37  3:31  Marine x2  
  39  3:34  Widow Mine  
  39  3:37  SCV  
  39  3:39  SCV  
  43  3:49  SCV  
  43  3:50  Marine x2, Medivac  
  43  3:51  SCV  
  43  3:53  Supply Depot  
  49  3:56  Widow Mine  
  49  4:01  SCV  
  48  4:03  SCV  
  46  4:13  SCV  
  47  4:19  SCV  
  47  4:26  SCV, Marine  
  47  4:27  Marine, Factory Tech Lab  
  47  4:28  Starport Tech Lab, Command Center  
  50  4:39  SCV x2  
  52  4:45  Supply Depot  
  52  4:49  Barracks  
  52  4:50  Barracks  
  52  4:51  SCV  
  53  4:57  Factory Tech Lab  
  53  4:58  Armory  
  53  5:01  Marine, Engineering Bay  
  53  5:03  Starport Reactor  
  53  5:06  SCV  
  55  5:08  SCV  
  55  5:11  Marine  
  57  5:16  Widow Mine  
  57  5:18  SCV  
  57  5:20  SCV  
  61  5:22  Supply Depot  
  61  5:24  Marine  
  62  5:28  Terran Infantry Weapons Level 1  
  62  5:30  SCV  
  62  5:32  SCV, Refinery  
  63  5:37  Marine  
  63  5:40  Widow Mine  
  66  5:43  SCV  
  66  5:44  SCV  
  66  5:45  Stimpack  
  66  5:46  Orbital Command  
  68  5:55  SCV  
  68  5:56  Marine x2, Marauder x2  
  75  5:57  SCV  
  75  6:03  Medivac  
  75  6:04  Widow Mine  
  80  6:07  SCV  
  78  6:13  SCV  
  78  6:17  Marine x2, Marauder, Drilling Claws  
  78  6:18  Marauder  
  85  6:20  SCV  
  85  6:25  SCV, Missile Turret, Widow Mine  
  88  6:26  SCV  
  88  6:29  Combat Shield  
  89  6:40  Marine  
  89  6:41  Marine  
  89  6:42  Barracks x2  
  89  6:44  Marauder  
  93  6:47  Supply Depot  
  93  6:51  Orbital Command  
  93  6:56  Supply Depot x2  
  93  6:57  SCV  
  93  7:00  Marauder  
  93  7:08  Marine, Medivac  
  93  7:09  SCV, Widow Mine, Marauder  
  93  7:10  SCV  
  99  7:16  Medivac  
  99  7:17  Marine  
  99  7:18  SCV  
  99  7:19  Supply Depot  
  99  7:21  SCV, Marauder  
  99  7:22  SCV  
  104  7:26  Marine  
  104  7:30  Marauder  
  104  7:31  Widow Mine, Refinery  
  104  7:36  Concussive Shells, Barracks Reactor  
  108  7:37  SCV, Barracks Tech Lab  
  108  7:38  Medivac, Engineering Bay  
  108  7:40  SCV  
  110  7:46  SCV, Medivac  
  110  7:56  SCV x2  
  110  7:58  SCV  
  113  7:59  Marauder x2  
  113  8:00  Marauder  
  113  8:02  Refinery  
  113  8:03  Factory Reactor  
  113  8:04  Refinery  
  119  8:06  Terran Infantry Armor Level 1  
  119  8:08  SCV x2  
  119  8:10  Marine  
  119  8:11  Marine  
  119  8:15  SCV  
  119  8:17  Supply Depot  
  119  8:18  Supply Depot  
  119  8:19  Supply Depot  
  115  8:20  SCV  
  107  8:30  Marine x2, SCV, Marauder x2  
  107  8:31  SCV  
  107  8:35  SCV  
  107  8:36  Medivac x2  
  107  8:38  Marine x3  
  113  8:44  Supply Depot  
  113  8:47  Marine  
  113  8:48  Marine  
  113  8:50  SCV  
  113  8:51  Marauder  
  113  8:52  Marauder  
  111  8:55  Marine  
  111  8:56  Marine, SCV x2, Marauder  
  111  9:01  Command Center  
  116  9:03  Widow Mine x2  
  116  9:05  Marine x2, Supply Depot x2  
  116  9:09  SCV  
  121  9:10  SCV  
  121  9:11  SCV  
  121  9:13  Supply Depot  
  121  9:16  Marine x2, Marauder x2  
  129  9:17  Marine  
  129  9:19  Medivac  
  132  9:28  Widow Mine x2  
  132  9:29  Marine x2  
  132  9:31  SCV  
  132  9:33  Medivac  
  132  9:36  Marine, Marauder  
  132  9:38  Barracks, Marauder x2  
  142  9:39  Barracks  
  142  9:42  Barracks  
  127  9:55  Marine  
  127  9:57  Medivac, Marauder  
  125  10:02  Marine x3  
  125  10:03  Widow Mine x2, Marauder x2  
  125  10:06  SCV x2  
  125  10:07  SCV  
Show
View Real Time Build Order
Export as new Build Order

PartinG Protoss - Winner!

Build Orders: 1 Gate Expand, Oracle Opening 

Get SALT Encoding   

  12  0:00  Probe  
  13  0:13  Probe  
  14  0:17  Pylon  
  14  0:25  Probe (Chrono Boost)  
  15  0:36  Gateway  
  15  0:37  Probe (Chrono Boost)  
  16  0:44  Probe (Chrono Boost)  
  16  0:46  Assimilator  
  17  0:51  Probe  
  18  1:03  Probe  
  19  1:15  Probe  
  20  1:23  Cybernetics Core  
  20  1:32  Nexus  
  20  1:40  Pylon  
  20  1:43  Probe  
  21  1:51  Assimilator  
  21  1:55  Probe  
  21  1:57  Adept (Chrono Boost)  
  24  2:06  Pylon  
  24  2:08  Probe  
  25  2:17  Stalker (Chrono Boost)  
  25  2:20  Probe  
  28  2:29  Stargate  
  28  2:36  Probe (Chrono Boost), Warp Gate  
  29  2:44  Probe (Chrono Boost)  
  29  2:47  Stalker  
  33  2:53  Probe (Chrono Boost)  
  33  2:54  Probe (Chrono Boost)  
  34  3:02  Probe  
  34  3:03  Probe  
  36  3:11  Oracle (Chrono Boost)  
  36  3:15  Probe x2  
  41  3:27  Probe x2  
  43  3:39  Probe  
  43  3:40  Probe  
  43  3:42  Oracle (Chrono Boost)  
  43  3:45  Gateway  
  43  3:47  Gateway  
  46  3:53  Probe x2  
  47  4:05  Probe x2  
  47  4:12  Nexus  
  47  4:16  Phoenix (Chrono Boost)  
  49  4:17  Probe x2  
  48  4:26  Stalker  
  48  4:29  Probe x2  
  52  4:32  Assimilator  
  52  4:33  Twilight Council  
  52  4:34  Assimilator  
  52  4:41  Probe x2  
  52  4:44  Pylon  
  52  4:45  Pylon  
  54  4:58  Pylon  
  54  5:02  Probe x2  
  54  5:03  Forge  
  54  5:04  Pylon  
  54  5:05  Blink (Chrono Boost)  
  56  5:09  Stalker x2  
  60  5:16  Probe x2  
  60  5:20  Stalker  
  64  5:25  Probe  
  65  5:28  Probe x2  
  65  5:30  Protoss Ground Weapons Level 1 (Chrono Boost)  
  67  5:38  Probe  
  67  5:40  Probe x2  
  70  5:42  Stalker x2  
  70  5:44  Sentry  
  76  5:50  Probe  
  76  5:52  Probe  
  76  5:53  Probe  
  79  6:02  Probe  
  80  6:05  Probe x2  
  80  6:14  Probe, Stalker x3  
  80  6:17  Probe x2  
  89  6:20  Gateway x2  
  89  6:26  Probe  
  89  6:30  Gateway  
  90  6:33  Gateway x2  
  90  6:39  Charge (Chrono Boost)  
  90  6:42  Sentry  
  90  6:45  Robotics Facility  
  90  6:46  Pylon x2  
  92  6:48  Pylon  
  92  6:49  Pylon  
  92  6:55  Probe, Assimilator  
  91  7:02  Stalker  
  91  7:05  Assimilator  
  91  7:06  Zealot x2  
  91  7:07  Templar Archives  
  97  7:14  Protoss Ground Armor Level 1 (Chrono Boost)  
  97  7:23  Zealot x2  
  97  7:27  Probe x2  
  97  7:29  Zealot x6  
  115  7:39  Pylon  
  115  7:40  Pylon  
  115  7:48  Zealot x2  
  115  7:50  Zealot x5  
  121  7:52  Probe x2  
  121  7:58  Observer  
  119  8:03  Zealot  
  119  8:04  Probe  
  122  8:06  Photon Cannon  
  122  8:12  Stalker x4  
  124  8:13  Stalker x2  
  124  8:16  Psionic Storm  
  124  8:19  Probe, Observer  
  135  8:20  Probe x2  
  126  8:38  Probe, Warp Prism (Chrono Boost)  
  107  9:00  High Templar x6  
  107  9:01  High Templar, Zealot  
  121  9:13  Observer  
  121  9:14  Observer  
  122  9:17  Nexus  
  122  9:20  Pylon  
  122  9:32  Zealot x6  
  122  9:33  Zealot x2  
  122  9:34  Observer  
  138  9:48  Archon  
  132  10:01  Zealot x4  
  132  10:02  Zealot x4  
Tags
 
Add a new tag
Caveats
  • Supply blocks, unpowered buildings, or Contaminate may cause inaccurate times.
  • Supply counts are checked every 10 seconds.